 Dungeon Crawl Stone Soup version 0.23-a0-49-gd9f7a49 (webtiles) character file.

533 galech the Vexing (level 7, -3/78 HPs)
             Began as a Gnoll Wanderer on Aug 7, 2018.
             Succumbed to an orc wizard's poison
             ... on level 4 of the Dungeon.
             The game lasted 00:05:13 (4307 turns).

galech the Vexing (Gnoll Wanderer)                  Turns: 4307, Time: 00:05:14

Health: -3/78      AC: 23    Str: 15    XL:     7   Next: 24%
Magic:  12/12      EV:  2    Int: 18    God:
Gold:   166        SH:  0    Dex: 17    Spells: 13/13 levels left

rFire    . . .     SeeInvis .   m - +0 mace
rCold    . . .     Gourm    .   (no shield)
rNeg     + + +     Faith    .   (armour currently unavailable)
rPois    +         Spirit   .   (helmet currently unavailable)
rElec    .         Reflect  .   (cloak currently unavailable)
rCorr    .         Harm     .   (gloves currently unavailable)
MR       .....     NoTele   +   (boots currently unavailable)
Stlth    +++.......             s - amulet "Roaj" {-Tele +Rage +Inv rN+}
HPRegen  0.23/turn              (no ring)
MPRegen  0.13/turn              (no ring)

@: brilliant, lethally poisoned (-3 -> -52), tree-form
A: distributed training, strong nose
a: Evoke Berserk Rage, Evoke Invisibility


You were on level 4 of the Dungeon.
You were hungry.
You were a tree.
You visited 1 branch of the dungeon, and saw 4 of its levels.

You collected 166 gold pieces.

Inventory:

Hand Weapons
 m - a +0 mace (weapon)
 p - a +0 halberd
Armour
 o - a cursed +0 plate armour (melded)
Jewellery
 s - the amulet "Roaj" (around neck) {-Tele +Rage +Inv rN+}
   (You found it on level 4 of the Dungeon)

   [amulet of rage]

   It protects you from negative energy.
   It lets you turn invisible.
   It lets you go berserk.
   It prevents most forms of teleportation.
Wands
 c - a wand of enslavement (19)
Scrolls
 g - a scroll of remove curse {unknown}
 i - 2 scrolls of identify {unknown}
 k - 2 scrolls of teleportation {unknown}
 r - a scroll of amnesia {unknown}
 u - a scroll of enchant armour {unknown}
Potions
 b - 4 potions of lignification
 d - a potion of agility {unknown}
 e - 3 potions of magic
 h - a potion of brilliance
 j - a potion of might {unknown}
 l - 2 potions of resistance {unknown}
 n - 3 potions of haste
 q - a potion of curing {unknown}
Miscellaneous
 a - a phial of floods
Comestibles
 f - 5 rations
 t - 3 chunks of flesh


   Skills:
 + Level 3.5 Fighting
 + Level 2.3 Short Blades
 + Level 2.3 Long Blades
 + Level 2.3 Axes
 + Level 2.3 Maces & Flails
 + Level 2.3 Polearms
 + Level 3.5 Staves
 + Level 2.3 Slings
 + Level 2.3 Bows
 + Level 2.3 Crossbows
 + Level 2.3 Throwing
 + Level 2.3 Armour
 + Level 2.3 Dodging
 + Level 3.3 Stealth
 + Level 2.3 Shields
 + Level 2.3 Unarmed Combat
 + Level 3.7 Spellcasting
 + Level 1.9 Conjurations
 + Level 5.8 Hexes
 + Level 1.9 Charms
 + Level 1.9 Summonings
 + Level 1.9 Necromancy
 + Level 2.9 Translocations
 + Level 1.9 Transmutations
 + Level 1.9 Fire Magic
 + Level 1.9 Ice Magic
 + Level 1.9 Air Magic
 + Level 1.9 Earth Magic
 + Level 1.9 Poison Magic
 + Level 2.5 Invocations
 + Level 5.1 Evocations


You had 13 spell levels left.
You didn't know any spells.
Your spell library was empty.

Dungeon Overview and Level Annotations

Branches:
Dungeon (4/15)
 Temple: D:4-7

Altars:
Gozag
Sif Muna
Zin


Innate Abilities, Weirdness & Mutations

Your experience applies equally to all skills.
((You have very sharp teeth.))
Your uncanny sense of smell can sniff out nearby items.


Message History

You feel very sick.
The orc wizard hits you but does no damage.
You are more poisoned.
The orc wizard hits you but does no damage.
You hit the orc wizard but do no damage.
The orc wizard is severely wounded.
* * * LOW HITPOINT WARNING * * *
You feel extremely sick.
The orc wizard gestures wildly while chanting.
The orc wizard blinks!
You cannot move.
You cannot move.
Unknown command.
You cannot move.
It was a potion of magic.
Magic courses through your body.
* * * LOW HITPOINT WARNING * * *
You feel very sick.
It was a potion of brilliance.
You feel clever all of a sudden.
You die...

..............# .o...o........#
#!#.####......# # #......# ...
#......# ....# #.o##### ∆ .....
####.#####..# .......
.........#..## .........
####.###[)♣..# ......... .
###§..## ......... #.#.
###....####........#
#.#.##.....#..............
...#..#..................
#...###..#.###.................
..................##....<......
......#..#.####.###............
......#..#<# #.##..#..........


You could see an orc wizard.

Vanquished Creatures
  Grinder (D:3)
  A centaur skeleton (D:4)
  An orc priest (D:4)
  2 orc wizards (D:4)
  Terence (D:2)
  4 gnolls
  9 adders
  An ooze (D:4)
  3 worms
  2 dart slugs
  A leopard gecko (D:3)
  3 orcs (D:4)
  A ball python (D:3)
  3 giant cockroaches
  9 hobgoblins
  2 quokkas (D:4)
  6 bats
  3 frilled lizards
  10 goblins
  4 kobolds
  11 rats
78 creatures vanquished.

Notes
Turn   | Place    | Note
-------+----------+-------------------------------------------
     0 | D:1      | galech the Gnoll Wanderer began the quest for the Orb.
     0 | D:1      | galech set off with: a phial of floods, a potion of lignification, a +0 robe, a +0 club, a ration
     0 | D:1      | Reached XP level 1. HP: 17/17 MP: 4/4
   389 | D:1      | Reached XP level 2. HP: 23/23 MP: 5/5
   859 | D:2      | Reached XP level 3. HP: 28/28 MP: 7/7
   975 | D:2      | Reached skill level 1 in Invocations
  1072 | D:2      | Noticed Terence
  1093 | D:2      | Killed Terence
  1093 | D:2      | Reached skill level 1 in Short Blades
  1093 | D:2      | Reached skill level 1 in Long Blades
  1093 | D:2      | Reached skill level 1 in Axes
  1093 | D:2      | Reached skill level 1 in Maces & Flails
  1093 | D:2      | Reached skill level 1 in Polearms
  1093 | D:2      | Reached skill level 1 in Slings
  1093 | D:2      | Reached skill level 1 in Bows
  1093 | D:2      | Reached skill level 1 in Crossbows
  1093 | D:2      | Reached skill level 1 in Throwing
  1093 | D:2      | Reached skill level 1 in Armour
  1093 | D:2      | Reached skill level 1 in Dodging
  1093 | D:2      | Reached skill level 1 in Shields
  1093 | D:2      | Reached skill level 1 in Unarmed Combat
  1093 | D:2      | Reached XP level 4. HP: 12/34 MP: 8/8
  1659 | D:2      | Found a glowing silver altar of Zin.
  1820 | D:2      | Reached skill level 1 in Conjurations
  1820 | D:2      | Reached skill level 1 in Charms
  1820 | D:2      | Reached skill level 1 in Summonings
  1820 | D:2      | Reached skill level 1 in Necromancy
  1820 | D:2      | Reached skill level 1 in Transmutations
  1820 | D:2      | Reached skill level 1 in Fire Magic
  1820 | D:2      | Reached skill level 1 in Ice Magic
  1820 | D:2      | Reached skill level 1 in Air Magic
  1820 | D:2      | Reached skill level 1 in Earth Magic
  1820 | D:2      | Reached skill level 1 in Poison Magic
  2112 | D:3      | Reached XP level 5. HP: 27/40 MP: 9/9
  2230 | D:3      | Found an opulent altar of Gozag.
  2643 | D:3      | Noticed Grinder
  2661 | D:3      | Killed Grinder
  2661 | D:3      | Reached skill level 5 in Evocations
  2661 | D:3      | Reached XP level 6. HP: 32/47 MP: 9/11
  4059 | D:4      | Got a flickering zirconium amulet
  4060 | D:4      | Identified the amulet "Roaj" {-Tele +Rage +Inv rN+} (You found it on level 4 of the Dungeon)
  4103 | D:4      | Reached XP level 7. HP: 45/52 MP: 12/12
  4130 | D:4      | Found a deep blue altar of Sif Muna.
  4306 | D:4      | HP: 1/78 [poisoned by an orc wizard]
  4307 | D:4      | Succumbed to an orc wizard's poison

Vault maps used:
D:1:      shiori_arrival_oz
D:2:      kennysheep_the_goblin_king, lemuel_round_altar, first_ration,
          minmay_door_square, uniq_terence
D:3:      wad_pebble_path, nicolae_gozag_cash_rules_everything_around_me,
          uniq_grinder
D:4:      marbit_many_paths, serial_glass, glass_columns_c, glass_columns_a,
          item_on_display_a, due_unseen_surprise

Skill      XL: |  1  2  3  4  5 |
---------------+----------------+-----
Translocations | 2 |  2.9
Invocations    | 1 2 |  2.5
Short Blades   | 1 2 |  2.3
Long Blades    | 1 2 |  2.3
Axes           | 1 2 |  2.3
Maces & Flails | 1 2 |  2.3
Polearms       | 1 2 |  2.3
Slings         | 1 2 |  2.3
Bows           | 1 2 |  2.3
Crossbows      | 1 2 |  2.3
Throwing       | 1 2 |  2.3
Armour         | 1 2 |  2.3
Dodging        | 1 2 |  2.3
Shields        | 1 2 |  2.3
Unarmed Combat | 1 2 |  2.3
Spellcasting   | 3 |  3.7
Conjurations   | 1 |  1.9
Charms         | 1 |  1.9
Summonings     | 1 |  1.9
Necromancy     | 1 |  1.9
Transmutations | 1 |  1.9
Fire Magic     | 1 |  1.9
Ice Magic      | 1 |  1.9
Air Magic      | 1 |  1.9
Earth Magic    | 1 |  1.9
Poison Magic   | 1 |  1.9
Fighting       | 3 |  3.5
Staves         | 3 |  3.5
Stealth        | 3 |  3.3
Evocations     | 5 |  5.1
Hexes          | |  5.8

Action                   |  1- 3 |  4- 6 |  7- 9 || total
-------------------------+-------+-------+-------++-------
Melee: Club              |    37 |       |       ||    37
       Bite              |    13 |    26 |     7 ||    46
       Mace              |    75 |   238 |    50 ||   363
       Punch             |       |     1 |       ||     1
  Use: Potion            |       |       |     3 ||     3
  Eat: Chunk             |     1 |    10 |       ||    11
Armor: Scale mail        |    33 |       |       ||    33
       Plate armour      |    34 |   209 |    38 ||   281
       Skin              |       |       |     4 ||     4
Dodge: Dodged            |    41 |    70 |     7 ||   118

Table legend:
 A = Spawn XP
 B = Non-spawn XP
 C = Spawn XP percentage of total XP
 D = Spawn monster count
 E = Non-spawn monster count
 F = Spawn count percentage of total count
 G = Total turns spent on level
                    A         B        C        D         E        F      G
               +---------+---------+-------+---------+---------+-------+---------
         Total |       0 |     762 |   0.0 |       0 |      78 |   0.0 |  4307
               +---------+---------+-------+---------+---------+-------+---------
           D:1 |       0 |      30 |   0.0 |       0 |      13 |   0.0 |  1127
           D:2 |       0 |     160 |   0.0 |       0 |      30 |   0.0 |  1485
           D:3 |       0 |     386 |   0.0 |       0 |      24 |   0.0 |  1410
           D:4 |       0 |     186 |   0.0 |       0 |      11 |   0.0 |   285
               +---------+---------+-------+---------+---------+-------+---------
